 Dungeon Crawl Stone Soup version 0.28.0-53-g5a82cb258f (webtiles) character file.

Game seed: 15916199286911669389

149 mcbry74 the Covered (level 5, 0/46 HPs)
             Began as a Minotaur Fighter on June 30, 2022.
             Succumbed to a water moccasin's poison
             ... in a sewer.
             The game lasted 00:05:24 (1541 turns).

mcbry74 the Covered (Minotaur Fighter)              Turns: 1541, Time: 00:05:24

Health: 0/46       AC: 12    Str: 20    XL:     5   Next: 9%
Magic:  4/4        EV:  7    Int:  7    God:
Gold:   31         SH: 13    Dex: 10    Spells: 4/4 levels left

rFire   . . .      SeeInvis .   a - +0 flail
rCold   . . .      Faith    .   c - +0 buckler
rNeg    . . .      Spirit   .   h - +3 chain mail
rPois   .          Reflect  +   (helmet restricted)
rElec   .          Harm     .   f - scarf {repulsion}
rCorr   .          Rampage  .   (no gloves)
Will    .....                   (no boots)
Stlth   ..........              i - amulet of reflection
HPRegen 0.15/turn               (no ring)
MPRegen 0.09/turn               (no ring)

@: mighty, lethally poisoned (0 -> -2), hasted, repel missiles, very quick
A: horns 2, retaliatory headbutt, large bone plates 1
a: no special abilities


You were in a sewer.
You visited 1 branch of the dungeon, and saw 3 of its levels.
You also visited: Sewer.

You collected 31 gold pieces.

Inventory:

Hand Weapons
 a - a +0 flail (weapon)
Missiles
 j - 35 bolts
 n - 63 stones (quivered)
 p - 3 atropa-tipped darts
 q - 19 sling bullets
 r - 89 arrows
Armour
 b - a +0 scale mail
 c - a +0 buckler (worn)
 f - a scarf of repulsion (worn)
 h - a +3 chain mail (worn)
Jewellery
 i - an amulet of reflection (around neck)
 k - a +4 ring of evasion
Scrolls
 l - a scroll of blinking {unknown}
 m - a scroll of torment {unknown}
 o - 2 scrolls of teleportation {unknown}
Potions
 e - a potion of degeneration {unknown}
 g - a potion of mutation
 s - a potion of lignification {unknown}
 t - a potion of haste


   Skills:
 - Level 4.0 Fighting
 * Level 4.5 Maces & Flails
 + Level 1.7 Throwing
 + Level 4.7 Armour
 - Level 4.0 Shields


You had 4 spell levels left.
You didn't know any spells.
Your spell library contained the following spells:

 Spells                   Type           Power      Damage    Failure   Level
 Beastly Appendage        Tmut           0%         N/A       99%         1
 Wereblood                Tmut           0%         N/A       100%        2
 Spider Form              Tmut/Pois      0%         N/A       100%        3


Dungeon Overview and Level Annotations

Branches:
Dungeon (3/15)              Sewer (1/1)

Altars:
Uskayaw


Innate Abilities, Weirdness & Mutations

You have a pair of horns on your head.
You reflexively headbutt those who attack you in melee.
You are partially covered in large bone plates. (SH +4)


Message History

You block the water moccasin's attack.
You hit the water moccasin.
The water moccasin is moderately wounded.
The water moccasin closely misses you. You block the water moccasin's attack.
You hit the water moccasin.
The water moccasin is heavily wounded.
The water moccasin bites you.
You are poisoned.
The water moccasin poisons you! The water moccasin barely misses you.
You miss the water moccasin.
The water moccasin is moderately wounded.
You feel very sick.
The water moccasin bites you but does no damage.
You closely miss the water moccasin.
Your headbutt misses the water moccasin.
The water moccasin is moderately wounded.
You feel very sick. You block the water moccasin's attack.
The water moccasin bites you but does no damage.
You feel very mighty all of a sudden.
You feel sick. The water moccasin bites you. x2
You closely miss the water moccasin.
The water moccasin is moderately wounded.
You feel sick. The water moccasin bites you.
* * * LOW HITPOINT WARNING * * *
You bludgeon the water moccasin!!
You kill the water moccasin!
* * * LOW HITPOINT WARNING * * *
You feel sick.
Your Maces & Flails skill increases to level 4!
Your Throwing skill increases to level 1!
You have reached level 4!
You feel agile.
You have reached level 5!
It was a potion of mutation.
You feel extremely strange.
Large bone plates grow over parts of your arms.
* * * LOW HITPOINT WARNING * * *
You feel sick.
It was a potion of haste.
You feel yourself speed up.
You die...

########
###.≈....###
###..≈..≈....###
###...≈≈####≈≈.@≈#
##.....###
###≈..≈.# .≈.≈.≈##
##....≈.# ##...≈≈#
≈≈≈≈.### ###..≈≈.#
...##≈! ###...≈≈
..### )$# ##.≈..
## ## ####


There were no monsters in sight!

Vanquished Creatures
  A water moccasin (Sewer)
  2 worms (D:2)
  2 dart slugs
  A bat (D:1)
  4 giant cockroaches
  3 goblins (D:1)
  A hobgoblin (D:2)
  A jackal (Sewer)
  6 kobolds
  2 quokkas (D:1)
  5 ball pythons
  3 frilled lizards
  9 rats
40 creatures vanquished.

Notes
Turn   | Place    | Note
-------+----------+-------------------------------------------
     0 | D:1      | mcbry74 the Minotaur Fighter began the quest for the Orb.
     0 | D:1      | Reached XP level 1. HP: 19/19 MP: 0/0
   163 | D:1      | Reached XP level 2. HP: 26/27 MP: 1/1
   273 | D:1      | Found a faded altar of an unknown god.
   894 | D:2      | Reached XP level 3. HP: 33/33 MP: 2/2
  1426 | D:3      | Found a hide-covered altar of Uskayaw.
  1428 | D:3      | Found a glowing drain.
  1475 | Sewer    | Entered a sewer
  1529 | Sewer    | Noticed a water moccasin
  1539 | Sewer    | Killed a water moccasin
  1539 | Sewer    | HP: 1/33 [poisoned by a water moccasin]
  1540 | Sewer    | Reached skill level 1 in Throwing
  1540 | Sewer    | Reached XP level 4. HP: 2/40 MP: 3/3
  1540 | Sewer    | Reached XP level 5. HP: 2/46 MP: 4/4
  1540 | Sewer    | Gained mutation: You are partially covered in large bone
                  | plates. (SH +4) [potion of mutation]
  1541 | Sewer    | Succumbed to a water moccasin's poison

Illustrated notes

Levels and vault maps discovered:
D:1:      dpeg_arrival_tiny_g, layout_rooms,
          hellmonk_ecumenical_altar_leap_of_faith
D:2:      layout_basic, minivault_23
D:3:      layout_loops_corners, mainiacjoe_overflow_cross_hatched,
          portal_sewer_entry_a
Sewer:    sewer_the_moccasin

Skill      XL: |  1  2  3 |
---------------+----------+-----
Fighting       | 4 |  4.0
Armour         | 4 |  4.7
Shields        | 4 |  4.0
Maces & Flails | 3 4 |  4.5
Throwing       | 1 |  1.7

Action                   |  1- 3 |  4- 6 || total
-------------------------+-------+-------++-------
Melee: Flail             |   104 |       ||   104
       Headbutt          |     8 |       ||     8
Throw: Stone             |     7 |       ||     7
  Use: Potion            |     1 |     2 ||     3
Armor: Scale mail        |    13 |       ||    13
       Chain mail        |    17 |       ||    17
Dodge: Dodged            |    18 |       ||    18
Block: Buckler           |    53 |       ||    53
       Reflection        |     2 |       ||     2
